 Dungeon Crawl Stone Soup version 0.28.0-43-g3370ac3207 (webtiles) character file.

Game seed: 15520030618891377221

85 pkoi the Grasshopper (level 4, -4/22 HPs)
             Began as a Spriggan Warper on Mar 6, 2022.
             Slain by a killer bee (6 damage)
             ... on level 5 of the Dungeon.
             The game lasted 00:03:39 (4604 turns).

pkoi the Grasshopper (Spriggan Warper)              Turns: 4604, Time: 00:03:40

Health: -4/22      AC:  2    Str:  7    XL:     4   Next: 25%
Magic:  9/9        EV: 17    Int: 16    God:
Gold:   139        SH:  0    Dex: 14    Spells: 4/9 levels left

rFire   . . .      SeeInvis +   d - +0 short sword
rCold   . . .      Faith    .   (no shield)
rNeg    . . .      Spirit   .   a - +0 robe
rPois   .          Reflect  .   (helmet restricted)
rElec   .          Harm     .   (no cloak)
rCorr   .          Rampage  .   (gloves unavailable)
Will    .....                   (boots unavailable)
Stlth   ++........              (no amulet)
HPRegen 0.07/turn               (no ring)
MPRegen 0.11/turn               (no ring)

@: very quick
A: very small, no large weapons, unfitting armour, see invisible, speed 3
a: no special abilities


You were on level 5 of the Dungeon.
You visited 1 branch of the dungeon, and saw 4 of its levels.

You collected 139 gold pieces.

Inventory:

Hand Weapons
 d - a +0 short sword (weapon)
Missiles
 c - 5 boomerangs of dispersal (quivered)
Armour
 a - a +0 robe (worn)
Wands
 i - a wand of flame (2)
Scrolls
 f - a scroll of identify
 l - a scroll of magic mapping {unknown}
Potions
 e - a potion of mutation
 h - 2 potions of might {unknown}
 j - 2 potions of attraction {unknown}


   Skills:
 - Level 1.5 Fighting
 - Level 1.0 Throwing
 - Level 3.2 Dodging
 + Level 3.4 Stealth
 + Level 2.7 Unarmed Combat
 + Level 3.1 Spellcasting
 + Level 4.8 Translocations


You had 4 spell levels left.
You knew the following spells:

 Your Spells              Type           Power      Damage    Failure   Level
a - Blink                 Tloc           36%        N/A       3%          2
b - Gell's Gravitas       Tloc           18%        N/A       8%          3

Your spell library contained the following spells:

 Spells                   Type           Power      Damage    Failure   Level
 Lesser Beckoning         Tloc           18%        N/A       8%          3
 Teleport Other           Tloc           18%        N/A       8%          3
 Portal Projectile        Hex/Tloc       20%        N/A       21%         3
 Call Canine Familiar     Summ           2%         N/A       50%         3
 Leda's Liquefaction      Hex/Erth       1%         N/A       88%         4
 Manifold Assault         Tloc           18%        N/A       56%         5


Dungeon Overview and Level Annotations

Branches:
Dungeon (3/15)

Altars:


Innate Abilities, Weirdness & Mutations

You are very small and have problems with some larger weapons.
You are too small for most types of armour.
You have supernaturally acute eyesight. (SInv)
You cover ground extremely quickly. (Speed+++)


Message History

The arrow hits you!
* * * LOW HITPOINT WARNING * * *
The adder hisses angrily.
A hound comes into view.
The hound moves out of view.
A centaur zombie and 3 gnolls come into view.
A gnoll is wielding a +0 flail of protection.
The gnoll shouts! x2; You hear a bark!
A gnoll and an ogre come into view.
A jackal comes into view.
A jackal comes into view.
The jackal barks!
You hear a bark!
You hear an angry buzzing noise.
A jackal comes into view.
The centaur shoots an arrow.
The arrow misses you.
A killer bee comes into view.
Found a stone staircase leading down.
A killer bee comes into view.
The killer bee moves out of view.
Found 13 gold pieces.
The centaur shoots an arrow.
The arrow hits you!
* * * LOW HITPOINT WARNING * * *
Found a scroll of identify.
The centaur shoots an arrow.
The arrow closely misses you.
A scorpion comes into view.
Found a purple potion.
The killer bee buzzes angrily.
You hear an angry buzzing noise. x2
A killer bee comes into view.
The centaur shoots an arrow.
The arrow hits you!
* * * LOW HITPOINT WARNING * * *
2 killer bees come into view.
The killer bee buzzes angrily.
The centaur shoots an arrow.
The arrow closely misses you. The killer bee misses you.
The centaur shoots an arrow.
The arrow completely misses you. The killer bee barely misses you.
Blink to where?
Press: ? - help, Dir - move target
As you read the scroll of blinking, it crumbles to dust.
The hound barks!
The killer bee closely misses you. The killer bee stings you.
You die...

######### ##...#...##
#....(.c..####
.....S........
............#
...........# #######
#h....>....# ##.....##
#....$###.......#..
#....###...@..h....
#.#..# #..yyy..s...
#....# #...y.$.....
#..#.###...y.....##
###..#..##...........
###...###.#..........##
##...#.###..........!.#
#..###.#.c............#
..##.....g###$........#


You could see a scorpion, a hound and 5 killer bees.

Vanquished Creatures
  A hound (D:5)
  2 gnolls (D:3)
  2 worms (D:2)
  A dart slug (D:2)
  A ball python (D:2)
  2 endoplasms (D:2)
  A giant cockroach (D:1)
  4 goblins
  2 jackals (D:1)
  2 quokkas (D:2)
  3 bats
  A frilled lizard (D:1)
  5 kobolds
  3 rats
30 creatures vanquished.

Notes
Turn   | Place    | Note
-------+----------+-------------------------------------------
     0 | D:1      | pkoi the Spriggan Warper began the quest for the Orb.
     0 | D:1      | Reached XP level 1. HP: 10/10 MP: 5/5
   510 | D:1      | Found a faded altar of an unknown god.
  1472 | D:1      | Reached skill level 1 in Stealth
  1472 | D:1      | Reached XP level 2. HP: 4/14 MP: 6/6
  2419 | D:2      | Learned a level 2 spell: Blink
  3190 | D:2      | Reached XP level 3. HP: 18/18 MP: 8/8
  3395 | D:2      | Learned a level 3 spell: Gell's Gravitas
  4287 | D:3      | You fall into a shaft and drop 2 floors!
  4287 | D:5      | Entered Level 5 of the Dungeon
  4300 | D:5      | Reached XP level 4. HP: 11/22 MP: 9/9
  4573 | D:5      | Noticed a centaur
  4588 | D:5      | Noticed an ogre
  4598 | D:5      | Noticed a scorpion
  4598 | D:5      | HP: 1/22 [centaur/arrow (7)]
  4604 | D:5      | Slain by a killer bee

Illustrated notes

Levels and vault maps discovered:
D:1:      pf_arrival_petrified_forest, layout_rooms,
          chequers_ecumenical_altar_island, minmay_tromino_v2
D:2:      layout_loops_ring, nicolae_wormholes
D:3:      layout_basic, nicolae_hepliaklqana_hazy_memory, serial_shops,
          nicolae_shop_bloodbath_and_beyond
D:5:      layout_rooms, goddamned_bats, uniq_menkaure, uniq_blork_the_orc

Skill      XL: |  1  2  3 |
---------------+----------+-----
Unarmed Combat | 2 |  2.7
Stealth        | 1 2 3 |  3.4
Spellcasting   | 3 |  3.1
Fighting       | |  1.5
Throwing       | |  1.0
Dodging        | |  3.2
Translocations | |  4.8

Action                   |  1- 3 |  4- 6 || total
-------------------------+-------+-------++-------
Melee: Short sword       |   117 |       ||   117
       Unarmed           |     7 |       ||     7
       Punch             |     3 |       ||     3
Evoke: Wand              |    15 |       ||    15
  Use: Scroll            |     3 |     1 ||     4
 Stab: Sleeping          |     4 |       ||     4
Armor: Robe              |    16 |       ||    16
Dodge: Dodged            |   115 |     7 ||   122
